 Dungeon Crawl Stone Soup version 0.23.0 (webtiles) character file.

Game seed: 10557788097943231573

51 Peloso the Skirmisher (level 3, -2/33 HPs)
             Began as a Minotaur Fighter on Feb 9, 2019.
             Slain by Sigmund
             ... wielding a +0 scythe
              (10 damage)
             ... on level 2 of the Dungeon.
             The game lasted 00:02:34 (905 turns).

Peloso the Skirmisher (Minotaur Fighter)             Turns: 905, Time: 00:02:35

Health: -2/33      AC:  7    Str: 20    XL:     3   Next: 58%
Magic:  2/2        EV:  7    Int:  5    God:
Gold:   87         SH:  9    Dex: 10    Spells: 2/2 levels left

rFire    . . .     SeeInvis .   a - +0 long sword
rCold    . . .     Gourm    .   c - +0 shield
rNeg     . . .     Faith    .   b - +0 scale mail
rPois    +         Spirit   .   (helmet restricted)
rElec    .         Reflect  .   (no cloak)
rCorr    .         Harm     .   (no gloves)
MR       .....                  (no boots)
Stlth    ..........             (no amulet)
HPRegen  0.11/turn              g - ring of poison resistance (curse)
MPRegen  0.08/turn              (no ring)

@: no status effects
A: retaliatory headbutt, horns 2
a: no special abilities


You were on level 2 of the Dungeon.
You were not hungry.

You visited 1 branch of the dungeon, and saw 2 of its levels.

You collected 87 gold pieces.

Inventory:

Hand Weapons
 a - a +0 long sword (weapon)
Armour
 b - a +0 scale mail (worn)
 c - a +0 shield (worn)
Jewellery
 g - a cursed ring of poison resistance (left hand)
Scrolls
 e - a scroll of enchant weapon {unknown}
 h - 2 scrolls of enchant armour {unknown}
 j - a scroll of teleportation {unknown}
Potions
 d - a potion of might
 i - a potion of heal wounds {unknown}
 k - a potion of invisibility {unknown}
 l - 3 potions of curing {unknown}
 m - a potion of agility {unknown}
 n - a potion of brilliance {unknown}
 o - a potion of mutation {unknown}
 p - a potion of degeneration {unknown}
Comestibles
 f - 4 rations


   Skills:
 + Level 4.2 Fighting
 + Level 3.1 Long Blades
 + Level 4.2 Armour
 + Level 0.1 Dodging
 + Level 4.2 Shields


You had 2 spell levels left.
You didn't know any spells.
Your spell library was empty.

Dungeon Overview and Level Annotations

Branches:
Dungeon (2/15)

Altars:

Annotations:
D:2 Sigmund


Innate Abilities, Weirdness & Mutations

You reflexively headbutt those who attack you in melee.
You have a pair of horns on your head.


Message History

The worm is lightly wounded.
Something hits you.
The kobold throws a stone.
You block the stone. The worm bites you.
The kobold throws a stone.
You block the stone.
You hit the worm.
The worm is moderately wounded.
Something hits you. The worm barely misses you.
A magic dart appears from out of thin air!
The magic dart hits you.
A magic dart appears from out of thin air!
The magic dart hits you!
You hear some strange, mumbled words.
Something tries to affect you, but you resist.
Something hits you.
* * * LOW HITPOINT WARNING * * *
The worm completely misses you.
You riposte.
Your scale mail prevents you from hitting the worm.
You headbutt the worm.
The worm is lightly wounded.
Something hits you!
You die...

####### #.....# #####
#.....##########....
#.................#
#........#######..#
########......Kw@.....<..#
.......†...##..{#######..#
########........## #.#
#..........# ...
......#.###...# ##.
#####.#.# #...# #
########..# #..(..#
#..#....#


You could see a worm and a kobold.

Vanquished Creatures
  An adder (D:2)
  2 worms (D:2)
  A leopard gecko (D:1)
  A giant cockroach (D:1)
  9 hobgoblins
  6 jackals
  4 bats
  A frilled lizard (D:1)
  6 kobolds
  4 rats (D:1)
35 creatures vanquished.

Notes
Turn   | Place    | Note
-------+----------+-------------------------------------------
     0 | D:1      | Peloso the Minotaur Fighter began the quest for the Orb.
     0 | D:1      | Reached XP level 1. HP: 19/19 MP: 0/0
   133 | D:1      | Reached XP level 2. HP: 27/27 MP: 1/1
   503 | D:1      | Reached XP level 3. HP: 32/33 MP: 2/2
   887 | D:2      | Noticed Sigmund
   905 | D:2      | Slain by Sigmund

Skill      XL: |  1  2  3 |
---------------+----------+-----
Fighting       | 4 |  4.2
Armour         | 4 |  4.2
Shields        | 4 |  4.2
Long Blades    | 3 |  3.1
Dodging        | |  0.1

Action                   || total
-------------------------++-------
Melee: Long sword        ||    71
       Headbutt          ||    13
Armor: Scale mail        ||    33
Dodge: Dodged            ||    32
Block: Shield            ||    35
       Rpst.: Long sword ||     7
